 Dungeon Crawl Stone Soup version 0.28.0-55-gcd9437bce4 (webtiles) character file.

Game seed: 8357400961721631631

508 Atelerd the Digger (level 7, -5/42 HPs)
             Began as an Octopode Earth Elementalist on Jan 4, 2023.
             Slain by a scorpion (10 damage)
             ... on level 5 of the Dungeon.
             The game lasted 00:04:15 (4146 turns).

Atelerd the Digger (Octopode Earth Elementalist)    Turns: 4146, Time: 00:04:16

Health: -5/42      AC:  1    Str:  7    XL:     7   Next: 18%
Magic:  12/13      EV: 13    Int: 20    God:
Gold:   256        SH:  0    Dex: 12    Spells: 9/14 levels left

rFire   + . .      SeeInvis .   r - +8 whip of Wotol {flame, rC++ Stlth+}
rCold   + + +      Faith    .   (no shield)
rNeg    . . .      Spirit   .   (helmet restricted)
rPois   +          Reflect  .   (no amulet)
rElec   +          Harm     .   (no ring)
rCorr   +          Rampage  .   (no ring)
Will    .....                   (no ring)
Stlth   +++++.....              (no ring)
HPRegen 0.14/turn               (no ring)
MPRegen 0.13/turn               (no ring)
                                (no ring)
                                (no ring)

@: mighty, resistant
A: almost no armour, amphibious, 8 rings, camouflage 1, gelatinous body 1,
(nimble swimmer 1), tentacles
a: no special abilities


You were on level 5 of the Dungeon.
You visited 1 branch of the dungeon, and saw 5 of its levels.

You collected 256 gold pieces.

Inventory:

Hand Weapons
 d - a +0 dagger
 g - a +1 dagger of venom
 r - the +8 whip of Wotol (weapon) {flame, rC++ Stlth+}
   (You found it on level 4 of the Dungeon)

   It burns those it strikes, dealing additional fire damage.
   rC:        It greatly protects you from cold.
   Stlth:     It makes you more stealthy.
Missiles
 b - 60 stones
Wands
 a - a wand of flame (15)
Scrolls
 e - 2 scrolls of holy word {unknown}
 f - 2 scrolls of noise {unknown}
 i - a scroll of teleportation {unknown}
 j - 2 scrolls of fog {unknown}
 l - 2 scrolls of identify {unknown}
 m - a scroll of enchant weapon {unknown}
 s - a scroll of acquirement {unknown}
Potions
 c - a potion of brilliance {unknown}
 h - a potion of haste {unknown}
 n - a potion of flight {unknown}
 p - a potion of lignification {unknown}
 q - a potion of curing {unknown}


   Skills:
 - Level 0.9 Fighting
 - Level 1.1 Short Blades
 - Level 2.0 Dodging
 + Level 4.9 Stealth
 + Level 4.0 Spellcasting
 * Level 2.8 Transmutations
 + Level 5.1 Earth Magic


You had 9 spell levels left.
You knew the following spells:

 Your Spells              Type           Power      Damage    Failure   Level
a - Sandblast             Erth           48%        2d12      1%          1
p - Petrify               Tmut/Erth      20%        N/A       24%         4

Your spell library contained the following spells:

 Spells                   Type           Power      Damage    Failure   Level
 Passwall                 Tmut/Erth      16%        N/A       3%          2
 Animate Skeleton         Necr           8%         N/A       13%         1
 Apportation              Tloc           8%         N/A       13%         1
 Summon Small Mammal      Summ           16%        N/A       13%         1
 Stone Arrow              Conj/Erth      28%        3d8       13%         3
 Malign Gateway           Summ/Tloc      2%         N/A       100%        7
 Summon Horrible Things   Summ           2%         N/A       100%        8


Dungeon Overview and Level Annotations

Branches:
Dungeon (5/15)
 Temple: D:4-7

Altars:
Nemelex Xobeh


Innate Abilities, Weirdness & Mutations

You cannot wear most types of armour.
You are amphibious.
You can wear up to eight rings at the same time.
Your skin changes colour to match your surroundings (Stealth+).
Your rubbery body absorbs attacks. (AC +1, EV +1)
((You are camouflaged when in or above water. (Stealth+)))
You have tentacles for arms and can constrict up to eight enemies at once.


Message History

You resist with some effort. The orc hits you with a +0 club.
You're too confused to move!
You feel less confused. The orc hits you with a +0 club. x2
You hit the orc wizard. You burn the orc wizard. You grab the orc wizard.
Your squeeze misses the orc wizard.
The orc wizard is severely wounded.
You constrict the orc wizard. The orc hits you with a +0 club.
The orc wizard hits you with a +0 dagger.
* * * LOW HITPOINT WARNING * * *
The orc closely misses you.
Casting: Petrify (quite dangerous; 26% risk of failure)
Confirm with . or Enter, or press ? or * to list all spells.
Aiming: Sandblast (safe; 1% risk of failure)
Press: ? - help, Shift-Dir - straight line, f - orc wizard
Aim: an orc wizard, wielding a +0 dagger and wearing a +0 robe (severely wounded, constricted by you, 100% to hit)
The blast of sand hits the orc wizard!
You kill the orc wizard!
The orc hits you with a +0 club.
* * * LOW HITPOINT WARNING * * *
The orc closely misses you.
Unknown command.
Unknown command.
Okay, then.
Okay, then.
Okay, then.
It was a potion of resistance.
You feel protected. The orc hits you with a +0 club.
* * * LOW HITPOINT WARNING * * *
The orc misses you.
It was a potion of might.
You feel very mighty all of a sudden. The scorpion misses you.
The orc completely misses you. The orc misses you.
You whack the scorpion! You burn the scorpion. Your grab misses the scorpion.
The scorpion is severely wounded.
The scorpion stings you.
* * * LOW HITPOINT WARNING * * *
The orc misses you. x2; The scorpion stings you!
You die...

#......#.))........#.
#.........)..##......
.........<.)####......
...#.......#####.....#
.####........#..##..#
................#....
###...............##
#...................
##.@o..............#
##.##.so...........##.<
#.................##..#
#...#....)......<.###.#
#.#####..........###...
# #.#.......## #...
.###...?...#...#. ..
...... ##.### #. ......
#.


You could see a scorpion and 2 orcs.

Vanquished Creatures
  Sigmund (D:2)
  A scorpion (D:4)
  2 hounds (D:4)
  An orc priest (D:5)
  2 iguanas
  An orc wizard (D:5)
  Terence (D:2)
  4 adders
  A dart slug (D:3)
  11 orcs
  4 bats
  4 endoplasms
  5 giant cockroaches
  7 goblins
  4 hobgoblins
  3 jackals (D:2)
  8 kobolds
  6 ball pythons
  A frilled lizard (D:2)
  A rat (D:2)
68 creatures vanquished.

Vanquished Creatures (others)
  56 plants (D:2)
56 creatures vanquished.

Grand Total: 124 creatures vanquished

Notes
Turn   | Place    | Note
-------+----------+-------------------------------------------
     0 | D:1      | Atelerd the Octopode Earth Elementalist began the quest for
                  | the Orb.
     0 | D:1      | Reached XP level 1. HP: 11/11 MP: 3/3
   219 | D:1      | Found a faded altar of an unknown god.
   463 | D:1      | Reached XP level 2. HP: 17/17 MP: 3/5
  1226 | D:3      | Found a sparkling altar of Nemelex Xobeh.
  1229 | D:3      | Reached XP level 3. HP: 21/21 MP: 3/6
  1400 | D:2      | Reached XP level 4. HP: 27/27 MP: 6/8
  1420 | D:2      | Noticed Terence
  1425 | D:2      | Killed Terence
  1426 | D:2      | Reached skill level 4 in Earth Magic
  1852 | D:2      | Noticed Sigmund
  1869 | D:2      | Killed Sigmund
  1870 | D:2      | Reached skill level 1 in Short Blades
  1870 | D:2      | Reached XP level 5. HP: 14/32 MP: 8/10
  1870 | D:2      | Reached XP level 6. HP: 16/37 MP: 8/11
  2058 | D:2      | Learned a level 4 spell: Petrify
  3688 | D:4      | Identified the +8 whip of Wotol {flame, rC++ Stlth+}
  3760 | D:4      | Reached skill level 5 in Earth Magic
  3926 | D:4      | Reached XP level 7. HP: 42/42 MP: 13/13
  3982 | D:5      | Entered Level 5 of the Dungeon
  4146 | D:5      | Slain by a scorpion

Illustrated notes

Levels and vault maps discovered:
D:1:      minmay_arrival_stair_chambers, layout_basic,
          ebering_ecumenical_altar_webs
D:2:      layout_basic, serial_bayou, serial_bayou_lagoon_a,
          serial_bayou_crossing, serial_bayou_shore_a, serial_bayou_ford_a,
          uniq_sigmund, uniq_terence
D:3:      layout_rooms, overflow_temple_1_default
D:4:      layout_gridville
D:5:      layout_cave_pools, kennysheep_mini_moat,
          nicolae_overflow_crystal_walls

Skill      XL: |  1  2  3  4  5  6 |
---------------+-------------------+-----
Stealth        | 3 4 |  4.9
Earth Magic    | 4 5 |  5.1
Spellcasting   | 3 4 |  4.0
Short Blades   | 1 |  1.1
Transmutations | 2 |  2.8
Fighting       | |  0.9
Dodging        | |  2.0

Action                   |  1- 3 |  4- 6 |  7- 9 || total
-------------------------+-------+-------+-------++-------
Melee: Constrict         |     3 |    12 |     5 ||    20
       Tentacles         |     1 |    12 |     3 ||    16
       Unarmed           |     1 |       |       ||     1
       Dagger            |     8 |    50 |       ||    58
       Whip              |       |     5 |    14 ||    19
 Cast: Sandblast         |    29 |     9 |     3 ||    41
       Petrify           |       |       |     1 ||     1
  Use: Potion            |       |     2 |     2 ||     4
 Stab: Sleeping          |     3 |     8 |       ||    11
       Distracted        |       |     1 |       ||     1
Armor: Skin              |       |     1 |     1 ||     2
Dodge: Dodged            |     6 |    46 |    17 ||    69
